 Dungeon Crawl Stone Soup version 0.28-a0-802-g09f76e8c00 (webtiles) character file.

Game seed: 15991778053320989842

933 avis the Ruffian (level 7, -5/57 HPs)
             Began as a Grey Draconian Warper on Nov 7, 2021.
             Splashed by a jelly's acid (8 damage)
             ... on level 5 of the Dungeon.
             The game lasted 00:24:26 (5786 turns).

avis the Ruffian (Grey Draconian Warper)            Turns: 5786, Time: 00:24:27

Health: -5/57      AC: -4    Str: 14    XL:     7   Next: 86%
Magic:  11/11      EV: 16    Int: 15    God:
Gold:   119        SH:  0    Dex: 10    Spells: 2/12 levels left

rFire   . . .      SeeInvis .     - Unarmed
rCold   . . .      Faith    .   (no shield)
rNeg    . . .      Spirit   .   (armour unavailable)
rPois   .          Reflect  .   (helmet restricted)
rElec   .          Harm     .   (no cloak)
rCorr   .          Rampage  .   k - +0 pair of gloves
Will    .....                   (no boots)
Stlth   +.........              (no amulet)
HPRegen 0.19/turn               e - +4 ring of evasion
MPRegen 0.12/turn               f - ring of wizardry

@: corroded
A: AC +11, amphibious, unfitting armour, cold-blooded
a: no special abilities


You were on level 5 of the Dungeon.
You visited 1 branch of the dungeon, and saw 5 of its levels.

You collected 119 gold pieces.

Inventory:

Hand Weapons
 r - a +0 quick blade
 w - a +1 scythe of protection
Missiles
 b - 5 boomerangs of dispersal (quivered)
 c - 157 stones
 d - 117 arrows
 h - 66 sling bullets
 l - 15 bolts
 E - 37 poisoned darts
Armour
 k - a +0 pair of gloves (worn)
Magical Staves
 g - a staff of fire
Jewellery
 e - a +4 ring of evasion (left hand)
 f - a ring of wizardry (right hand)
Wands
 p - a wand of iceblast (10)
 x - a wand of paralysis (9)
Scrolls
 a - a scroll of blinking
 m - a scroll of immolation {unknown}
 q - 2 scrolls of vulnerability {unknown}
 s - a scroll of silence {unknown}
 u - 5 scrolls of identify {unknown}
 v - a scroll of fog {unknown}
 y - a scroll of summoning {unknown}
 z - a scroll of fear {unknown}
 A - a scroll of amnesia {unknown}
 B - a scroll of brand weapon {unknown}
 C - a scroll of teleportation {unknown}
 D - a scroll of enchant armour {unknown}
 F - a scroll of enchant weapon {unknown}
Potions
 i - a potion of resistance {unknown}
 j - 4 potions of curing {unknown}
 n - a potion of berserk rage {unknown}
 o - a potion of invisibility {unknown}
 t - a potion of attraction {unknown}
 G - a potion of heal wounds
 H - a potion of haste {unknown}
 I - a potion of brilliance {unknown}


   Skills:
 * Level 3.5 Fighting
 - Level 0.8 Throwing
 - Level 3.0 Dodging
 - Level 1.0 Stealth
 - Level 7.0 Unarmed Combat
 - Level 3.0 Spellcasting
 - Level 5.0 Translocations


You had 2 spell levels left.
You knew the following spells:

 Your Spells              Type           Power      Damage    Failure   Level
b - Blink                 Tloc           34%        N/A       1%          2
o - Teleport Other        Tloc           17%        N/A       3%          3
M - Manifold Assault      Tloc           17%        N/A       26%         5

Your spell library contained the following spells:

 Spells                   Type           Power      Damage    Failure   Level
 Gell's Gravitas          Tloc           17%        N/A       3%          3
 Lesser Beckoning         Tloc           17%        N/A       3%          3
 Malign Gateway           Summ/Tloc      4%         N/A       100%        7
 Summon Horrible Things   Summ           1%         N/A       100%        8


Dungeon Overview and Level Annotations

Branches:
Dungeon (5/15)
 Temple: D:4-7

Altars:
Qazlal
Sif Muna
Trog
Uskayaw
The Shining One

Shops:
D:2 (   D:3 *


Innate Abilities, Weirdness & Mutations

Your dull iron-grey scales are very hard. (AC +11)
You are amphibious.
You cannot fit into any form of body armour.
You are cold-blooded and may be slowed by cold attacks.


Message History

The black bear claws you but does no damage.
The black bear closely misses you.
You hit the black bear.
You kill the black bear!
Training target 7.0 for Unarmed Combat reached!
Your Unarmed Combat skill increases to level 7!
You need to enable at least one skill for training.
A jelly comes into view.
The jelly quivers.
You hit the jelly.
Your hands burn!
The jelly is lightly wounded.
The jelly hits you. The acid corrodes you!
You are splashed with acid!
You hit the jelly.
Your hands burn!
The jelly is moderately wounded.
The jelly hits you but does no damage.
You hit the jelly. The acid corrodes you!
Your hands burn!
You tail-slap the jelly, but do no damage.
The jelly is heavily wounded.
The jelly hits you but does no damage.
You hit the jelly but do no damage. The acid corrodes you!
Your hands burn!
You tail-slap the jelly, but do no damage.
The jelly is heavily wounded.
You hit the jelly but do no damage.
Your hands burn!
You punch the jelly.
The jelly is heavily wounded.
The jelly barely misses you.
You hit the jelly. The acid corrodes you!
Your hands burn!
The jelly is heavily wounded.
The jelly hits you. The acid corrodes you!
You are splashed with acid!
* * * LOW HITPOINT WARNING * * *
You hit the jelly.
Your hands burn!
* * * LOW HITPOINT WARNING * * *
The jelly is severely wounded.
The jelly hits you.
* * * LOW HITPOINT WARNING * * *
The acid corrodes you!
You are splashed with acid!
* * * LOW HITPOINT WARNING * * *
The jelly hits you.
* * * LOW HITPOINT WARNING * * *
You are splashed with acid!
You die...

.....)...# #.#
#........######### .........#
#.# #...#######.......
.........# #.# #...# #.......
######.#†# #.####.##### #.......
#.#.# #.##.......# #†......
#.#.# #.##.......# #.......
#####.#.###.##.......# ######.#
..............J......### #.#
######..#######@.......#######.#
#.>...............#<.......
##########........#.....#.#
#..###.###.###.#.#
###..#_..._#.# #.#.#
#....#..#..#.# #.#.#
#....##.#.##.# #.#.#
######....#.....#.# #.#.#
#.........#_.#._#.###.#.#


You could see a jelly.

Vanquished Creatures
  Sigmund (D:5)
  A sky beast (D:5)
  A black bear (D:5)
  2 scorpions
  A water moccasin zombie (D:3)
  A hound (D:5)
  2 jellies
  An iguana (D:5)
  Natasha (thrice) (D:4)
  A hound skeleton (D:4)
  3 adders
  8 gnolls
  A shadow imp (D:5)
  An ufetubus (D:3)
  2 worms (D:2)
  5 dart slugs
  2 orcs (D:3)
  5 endoplasms
  8 giant cockroaches
  5 goblins
  6 hobgoblins
  10 jackals
  6 quokkas
  10 ball pythons
  6 bats
  5 frilled lizards
  8 kobolds
  6 rats
111 creatures vanquished.

Notes
Turn   | Place    | Note
-------+----------+-------------------------------------------
     0 | D:1      | avis the Draconian Warper began the quest for the Orb.
     0 | D:1      | Reached XP level 1. HP: 17/17 MP: 3/3
   303 | D:1      | Reached XP level 2. HP: 8/24 MP: 5/5
   311 | D:1      | Learned a level 2 spell: Blink
   597 | D:1      | Reached skill level 3 in Unarmed Combat
  1006 | D:1      | Reached XP level 3. HP: 29/29 MP: 6/6
  1588 | D:2      | Reached skill level 4 in Unarmed Combat
  1899 | D:2      | Reached XP level 4. HP: 36/36 MP: 7/7
  2089 | D:2      | Found a faded altar of an unknown god.
  2124 | D:2      | Found Maywirphi's Antique Weapon Shop.
  2728 | D:3      | Found Juil Tusk's Assorted Antiques.
  2738 | D:3      | Found a stormy altar of Qazlal.
  2769 | D:3      | Reached skill level 5 in Unarmed Combat
  2769 | D:3      | Reached XP level 5. HP: 36/45 MP: 8/8
  3842 | D:4      | Reached skill level 1 in Stealth
  4160 | D:4      | Reached XP level 6. HP: 39/51 MP: 9/9
  4173 | D:4      | Learned a level 5 spell: Manifold Assault
  4490 | D:4      | Noticed Natasha
  4497 | D:4      | Killed Natasha
  4689 | D:4      | Noticed Natasha
  4701 | D:4      | Killed Natasha
  4769 | D:5      | Entered Level 5 of the Dungeon
  4809 | D:4      | Noticed Natasha
  4819 | D:4      | Killed Natasha
  4820 | D:4      | Reached skill level 6 in Unarmed Combat
  4975 | D:5      | Noticed Sigmund
  5192 | D:4      | Learned a level 3 spell: Teleport Other
  5250 | D:5      | Killed Sigmund
  5251 | D:5      | Your scales start taking on a dull iron-grey colour.
  5251 | D:5      | Reached XP level 7. HP: 46/57 MP: 11/11
  5377 | D:5      | Reached skill level 5 in Translocations
  5381 | D:5      | Found a hide-covered altar of Uskayaw.
  5384 | D:5      | Found a glowing golden altar of the Shining One.
  5387 | D:5      | Found a shimmering blue altar of Sif Muna.
  5389 | D:5      | Found a bloodstained altar of Trog.
  5714 | D:5      | Reached skill level 7 in Unarmed Combat
  5786 | D:5      | Splashed by a jelly's acid

Illustrated notes

Levels and vault maps discovered:
D:1:      lemuel_arrival_rhombus, layout_loops_corners,
          minmay_shallow_snake_nest
D:2:      layout_basic, serial_shops, nicolae_shop_waterfront,
          basic_ecumenical_altar
D:3:      layout_basic, nicolae_qazlal_scattered_showers, serial_shops, shop,
          minmay_randomly_rotated_circles
D:4:      layout_rooms, uniq_natasha
D:5:      layout_basic, mainiacjoe_overflow_alcove_3,
          chequers_serial_rivers_small_b, uniq_sigmund

Skill      XL: |  1  2  3  4  5  6  7 |
---------------+----------------------+-----
Unarmed Combat | 3 4 5 6 7 |  7.0
Fighting       | 3 |  3.5
Dodging        | 3 |  3.0
Stealth        | 1 |  1.0
Spellcasting   | 3 |  3.0
Translocations | 4 5 |  5.0
Throwing       | |  0.8

Action                   |  1- 3 |  4- 6 |  7- 9 || total
-------------------------+-------+-------+-------++-------
Melee: Unarmed           |   199 |   249 |    72 ||   520
       Tailslap          |    19 |    28 |    14 ||    61
       Punch             |       |     2 |     2 ||     4
 Stab: Sleeping          |     2 |       |     1 ||     3
Armor: Skin              |    50 |    41 |    26 ||   117
Dodge: Dodged            |   137 |   150 |    45 ||   332

Table legend: (Time is in decaauts)
 A = Elapsed time spent in this place.
 B = Non-inter-level travel time spent in this place.
 C = Inter-level travel time spent in this place.
 D = Time resting spent in this place.
 E = Time spent auto-exploring this place.
 F = Levels seen in this place.
 G = Mean time per level.
                   A        B        C        D        E       F      G
               +--------+--------+--------+--------+--------+-----+--------+
         Total |   5760 |   5298 |    462 |   1280 |   2563 |   5 | 1152.0 |
       Dungeon |   5760 |   5298 |    462 |   1280 |   2563 |   5 | 1152.0 |
               +--------+--------+--------+--------+--------+-----+--------+

Top non-repeatable levels by time:
     D:1: 1685 daAuts
     D:4: 1405 daAuts
     D:3: 1194 daAuts
     D:2: 874 daAuts
     D:5: 600 daAuts
